 Seeded DCSS version 0.31.0-32-g396128a36d (webtiles) character file.

Game seed: 16883790005771389819 (custom seed)

48987 McKennaii the Devastator (level 13, 0/86 HPs)
             Began as a Demigod Conjurer on Mar 8, 2024.
             Slain by a death yak simulacrum (35 damage)
             ... on level 5 of the Lair of Beasts.
             The game lasted 00:20:45 (16837 turns).

McKennaii the Devastator (Demigod Conjurer)        Turns: 16837, Time: 00:20:46

Health: 0/86       AC: 13    Str: 17    XL:     13   Next: 78%
Magic:  22/36      EV: 12    Int: 36    God:
Gold:   742        SH:  0    Dex: 12    Spells: 29/41 levels left

rFire   . . .        Y - staff of cold
rCold   . . .        i - sphere of Battle
rNeg    + . .        P - +2 robe {Will+}
rPois   +            f - +2 helmet
rElec   .            m - +0 cloak
rCorr   .            U - +0 pair of gloves {Str+3}
SInv    .            (no boots)
Will    ++...        W - amulet of Vitality {RegenMP++ Regen++}
Stlth   ++           C - ring "Fanai" {rPois rC- rN+ AC+4 Str+6}
HPRegen 1.94/turn    t - ring of flight
MPRegen 1.05/turn

%: no passive effects
@: flying, very slightly contaminated, studying Ice Magic
A: high MP 1, forlorn, divine attributes
a: no special abilities


You were on level 5 of the Lair of Beasts.
You visited 2 branches of the dungeon, and saw 14 of its levels.
You also visited: Sewer.

You collected 959 gold pieces.
You spent 217 gold pieces at shops.

Inventory:

Hand Weapons
 n - the +6 shillelagh "Devastator" {shatter}
   (You found it on level 2 of the Dungeon)
 R - the +7 rapier of Sunlight {chaos, Int+3}
   (You found it on level 6 of the Dungeon)

   Int+3:     It affects your intelligence (+3).
Armour
 f - a +2 helmet (worn)
 i - the sphere of Battle (worn)
   (You found it on level 2 of the Dungeon)

   Battle:    It summons a battlesphere in combat, with strength depending on
   Conjurations skill.
   Destructive: It enhances your destructive magic, and weakens non-destructive
   magic.
 m - a +0 cloak (worn)
 P - a +2 robe of willpower (worn)
 U - a +0 pair of gloves of strength (worn)
Magical Staves
 Y - a staff of cold (weapon)
Jewellery
 g - a ring of wizardry
 h - a ring of see invisible
 t - a ring of flight (right hand)
 C - the ring "Fanai" (left hand) {rPois rC- rN+ AC+4 Str+6}
   (You bought it in a shop on level 4 of the Dungeon)

   [ring of protection]

   AC+4:      It affects your AC (+4).
   Str+6:     It affects your strength (+6).
   rC-:       It makes you vulnerable to cold.
   rPois:     It protects you from poison rN+: It protects you from negative
   energy.
 G - a ring of poison resistance
 L - a ring of resist corrosion
 W - the amulet of Vitality (around neck) {RegenMP++ Regen++}
   (You found it on level 3 of the Lair of Beasts)

   [amulet of magic regeneration]

   RegenMP:   It increases your rate of magic regeneration.
   Regen++:   It increases your rate of health regeneration.
Wands
 o - a wand of flame (38)
 E - a wand of mindburst (15)
 H - a wand of iceblast (19)
 J - a wand of digging (6)
 Q - a wand of quicksilver (14)
Scrolls
 c - 2 scrolls of enchant armour {unknown}
 d - 11 scrolls of teleportation {unknown}
 e - 4 scrolls of fog {unknown}
 k - 11 scrolls of identify {unknown}
 l - 2 scrolls of silence {unknown}
 p - 4 scrolls of amnesia {unknown}
 r - a scroll of blinking {unknown}
 s - 3 scrolls of vulnerability {unknown}
 w - 3 scrolls of revelation {unknown}
 x - 2 scrolls of brand weapon {unknown}
 y - 3 scrolls of butterflies {unknown}
 D - 4 scrolls of fear {unknown}
 M - 3 scrolls of noise {unknown}
 N - 3 scrolls of poison {unknown}
Potions
 a - a potion of haste {unknown}
 b - 3 potions of magic
 j - 4 potions of degeneration {unknown}
 q - 6 potions of curing {unknown}
 u - 4 potions of mutation {unknown}
 v - 3 potions of might {unknown}
 z - a potion of cancellation {unknown}
 A - a potion of experience {unknown}
 B - 2 potions of attraction {unknown}
 F - 2 potions of heal wounds {unknown}
 I - 2 potions of berserk rage {unknown}
 K - 2 potions of resistance {unknown}
 O - a potion of lignification {unknown}
 S - 9 potions of ambrosia {unknown}
 T - 2 potions of invisibility {unknown}
 V - a potion of enlightenment {unknown}
 Z - a potion of brilliance {unknown}
Miscellaneous
 X - a condenser vane


   Skills:
 - Level 1.7 Dodging
 - Level 1.7 Stealth
 + Level 14.6 Spellcasting
 - Level 16.0 Conjurations
 * Level 7.9 Ice Magic


You had 29 spell levels left.
You knew the following spells:

 Your Spells              Type           Power      Damage    Failure   Level
a - Magic Dart            Conj           100%       1d8       0%          1
b - Searing Ray           Conj           100%       2d8       0%          2
c - Iskenderun's Mystic   Conj/Tloc      90%        2d18      1%          4
f - Freezing Cloud        Conj/Ice/Air   56%        6-21      1%          5

Your spell library contained the following spells:

 Spells                   Type           Power      Damage    Failure   Level
 Ozocubu's Armour         Ice            70%        N/A       1%          3
 Flame Wave               Conj/Fire      90%        2d19      1%          4
 Fulminant Prism          Conj/Alch      45%        3d21      1%          4
 Blink                    Tloc           26%        N/A       2%          2
 Call Imp                 Summ           26%        N/A       2%          2
 Jinxbite                 Hex            26%        N/A       2%          2
 Scorch                   Fire           78%        2d8       2%          2
 Fugue of the Fallen      Necr           13%        N/A       4%          3
 Manifold Assault         Tloc           13%        N/A       14%         4
 Alistair's Intoxication  Alch           8%         N/A       38%         5
 Borgnjor's Vile Clutch   Necr/Erth      6%         N/A       38%         5
 Yara's Violent Unravell  Hex/Alch       19%        3d9       38%         5
 Sculpt Simulacrum        Ice/Alch       26%        N/A       41%         6
 Eringya's Noxious Bog    Alch           19%        4d6       92%         6
 Summon Cactus Giant      Summ           6%         N/A       92%         6
 Enfeeble                 Hex            6%         N/A       100%        7
 Polar Vortex             Ice            56%        12d7*     100%        9


Dungeon Overview and Level Annotations

Branches:
Dungeon (9/15)             Temple (0/1) D:6            Lair (5/5) D:9
 Shoals (0/4) Lair:2       Spider (0/4) Lair:3        Sewer (visited)
  Slime: Lair:4-5       Orc: D:9-12

Shops:
D:3 (   D:4 ??(*:   D:5 *

Annotations:
D:9 exclusion: orange crystal statue


Innate Abilities, Weirdness & Mutations

You have an increased reservoir of magic. (+10% MP)
You shall have no god before yourself.
Your divine heritage dramatically boosts your attributes as you level up.


Message History

Confirm with . or Enter, or press ? or * to list all spells.
You feel a surge of power!
You erupt in a blast of force!
The mystic blast hits the elephant simulacrum!!
The elephant simulacrum is almost destroyed.
The elephant simulacrum is knocked back by the mystic blast.
The mystic blast hits the death yak simulacrum!!
The death yak simulacrum vaporises!
The mystic blast hits the hell rat!!
You kill the hell rat!
The mystic blast hits the plant!!
The plant is lightly damaged.
Your battlesphere fires!
The barrage of energy hits the death yak simulacrum!
The death yak simulacrum is moderately damaged.
The necromancer is engulfed in freezing vapours.
You kill the necromancer!
Unknown command.
You feel a surge of power!
The magic dart hits the death yak simulacrum.
The death yak simulacrum is heavily damaged.
A nearby plant withers and dies.
Your battlesphere fires!
The barrage of energy hits the death yak simulacrum!
The death yak simulacrum is severely damaged.
You feel a surge of power!
The magic dart hits the death yak simulacrum but does no damage.
The death yak simulacrum is severely damaged.
The elephant simulacrum tramples your battlesphere.
Your battlesphere is shoved backwards!
The death yak simulacrum gores you! The death yak simulacrum freezes you!!
You feel a surge of power!
The magic dart hits the death yak simulacrum but does no damage.
The death yak simulacrum is severely damaged.
Your battlesphere fires!
The barrage of energy hits the death yak simulacrum!
The death yak simulacrum is almost destroyed.
The elephant simulacrum tramples your battlesphere!
Your battlesphere is shoved backwards!
The death yak simulacrum gores you! The death yak simulacrum freezes you!!
You die...

.....
#........##...##
...
.........P#....##
######...........#
#..§§#.....##....#
..§§#.....##†..P#
.§§#.....#....##
§§#...†......###
##Z#....<.......#
#.@*Z.........###
#......P.#.#.#.#
#.⌠..###########
#.P..P# .........#
..##.#..## #
##.### #. ##


You could see a death yak simulacrum (ally target), an elephant simulacrum and a
friendly battlesphere.

Vanquished Creatures
  5 hydras
  Erica (D:9)
  A two-headed ogre (D:9)
  A catoblepas (Lair:1)
  3 death yaks (D:9)
  Urug (Lair:2)
  A skyshark (Lair:4)
  4 lindwurms (Lair:3)
  A necromancer (Lair:5)
  4 oklob plants (Lair:3)
  A meliai (Lair:3)
  17 elephants
  4 black mambas
  A torpor snail (Lair:5)
  11 cane toads
  5 rime drakes
  10 komodo dragons
  A troll (D:9)
  A queen bee (Lair:3)
  3 polar bears
  Grinder (D:3)
  20 blink frogs
  A dream sheep (Lair:1)
  A snapping turtle (Lair:2)
  Sigmund (D:2)
  A shadow (D:6)
  43 yaks
  11 wyverns
  A water elemental (Lair:2)
  6 basilisks
  Grum (D:9)
  A steam dragon (Lair:3)
  A death yak simulacrum (Lair:5)
  Duvessa (D:7)
  22 water moccasins
  2 laughing skulls (D:9)
  2 orc warriors
  2 sky beasts
  10 wolves
  A black bear (Lair:3)
  An ogre (D:7)
  2 centaurs
  2 brain worms (Sewer)
  10 bullfrogs
  A gnoll sergeant (D:6)
  A scorpion (D:5)
  9 wights
  Dowan (D:7)
  34 killer bees
  A howler monkey (D:9)
  2 electric eels (Lair:4)
  3 lava snakes (D:9)
  A bombardier beetle (D:5)
  A hound (D:7)
  2 jellies
  An orc priest (D:9)
  Crazy Yiuf (D:2)
  2 gnoll boudas
  Terence (D:3)
  3 iguanas
  2 sleepcaps
  8 orc wizards
  6 hell rats
  Robin (D:3)
  17 gnolls
  3 river rats (Sewer)
  7 adders
  2 ufetubi (D:6)
  3 ribbon worms
  3 dart slugs
  23 orcs
  4 endoplasms
  5 giant cockroaches
  13 goblins
  12 hobgoblins
  4 jackals (D:2)
  4 kobolds
  7 quokkas
  9 ball pythons
  3 bats
  9 frilled lizards
  17 rats
446 creatures vanquished.

Vanquished Creatures (others)
  An orc (D:5)
1 creature vanquished.

Grand Total: 447 creatures vanquished

Notes
Turn   | Place    | Note
-------+----------+-------------------------------------------
     0 | D:1      | McKennaii the Demigod Conjurer began the quest for the Orb.
     0 | D:1      | Reached XP level 1. HP: 14/14 MP: 5/5
   300 | D:1      | Reached XP level 2. HP: 20/20 MP: 3/7
   628 | D:1      | Reached skill level 4 in Conjurations
  1325 | D:1      | Reached XP level 3. HP: 26/26 MP: 6/9
  1550 | D:2      | Identified the +6 sling of Suruiph {speed, rElec rPois}
  1699 | D:2      | Learned a level 2 spell: Searing Ray
  1804 | D:2      | Found the sphere of Battle
  1986 | D:2      | Identified the +6 quarterstaff of the Oily God {venom, rC+
                  | Str+3 Int+3}
  2019 | D:2      | Found the +6 shillelagh "Devastator" {shatter}
  2140 | D:2      | Noticed Sigmund
  2145 | D:2      | Killed Sigmund
  2146 | D:2      | Reached skill level 5 in Conjurations
  2146 | D:2      | Reached XP level 4. HP: 11/33 MP: 3/12
  2146 | D:2      | Reached XP level 5. HP: 12/38 MP: 3/13
  2708 | D:2      | Found a runed translucent door.
  2708 | D:2      | Identified the +4 hammer "Dragonslayer" {drain, rElec rN+}
  2709 | D:2      | Noticed Crazy Yiuf
  2723 | D:2      | Killed Crazy Yiuf
  2851 | D:3      | Noticed Grinder
  2856 | D:3      | Killed Grinder
  2857 | D:3      | Reached XP level 6. HP: 26/45 MP: 9/16
  2980 | D:3      | Found Emuffaell's Antique Weapon Shop.
  2985 | D:3      | Reached skill level 6 in Conjurations
  3018 | D:3      | Noticed Terence
  3021 | D:3      | Killed Terence
  3164 | D:3      | Identified the +2 robe "Zajoeq" {+Blink Dex+3 Stlth+}
  3281 | D:3      | Noticed Robin
  3292 | D:3      | Killed Robin
  3422 | D:3      | Reached XP level 7. HP: 50/50 MP: 10/17
  3846 | D:4      | Found Wyikitta's Book Shop.
  3857 | D:4      | Found Fainges's Assorted Antiques.
  3916 | D:4      | Found Ciekown's Magic Scroll Emporium.
  3919 | D:4      | Reached skill level 5 in Spellcasting
  3963 | D:4      | Found a glowing drain.
  3970 | Sewer    | Entered a sewer
  4504 | D:4      | Found Ohaishredd's Weapon Emporium.
  4650 | D:4      | Bought a scroll labelled GETEREA AMAIJ for 22 gold pieces
  4650 | D:4      | Bought a pink potion for 19 gold pieces
  4650 | D:4      | Bought a sparkling platinum ring for 110 gold pieces
  4650 | D:4      | Identified the ring "Fanai" {rPois rC- rN+ AC+4 Str+6} (You
                  | bought it in a shop on level 4 of the Dungeon)
  4835 | D:4      | Found Moreq's Magic Scroll Shop.
  4874 | D:5      | Entered Level 5 of the Dungeon
  4917 | D:5      | Found Baett's Assorted Antiques.
  4922 | D:5      | Bought a scroll labelled GETEREA AMAIJ for 23 gold pieces
  4922 | D:5      | Bought a sedimented white potion for 20 gold pieces
  4922 | D:5      | Bought a scroll labelled RISHREO EHIE for 23 gold pieces
  4998 | D:5      | Reached skill level 7 in Conjurations
  5603 | D:5      | Reached XP level 8. HP: 57/57 MP: 14/20
  6264 | D:6      | Found a staircase to the Ecumenical Temple.
  6327 | D:6      | Identified the +7 rapier of Sunlight {chaos, Int+3}
  6495 | D:6      | Reached skill level 8 in Conjurations
  7098 | D:7      | Noticed Dowan
  7099 | D:7      | Noticed Duvessa
  7100 | D:7      | Killed Dowan
  7112 | D:7      | Killed Duvessa
  7534 | D:7      | Learned a level 4 spell: Iskenderun's Mystic Blast
  7643 | D:8      | Reached XP level 9. HP: 58/62 MP: 18/24
  7645 | D:8      | Reached skill level 9 in Conjurations
  8000 | D:8      | Identified the +0 robe of the Fisher {Rampage rElec rCorr
                  | Stlth-}
  8022 | D:8      | Identified the +11 sling of Qomnium {antimagic, Int+4}
  8226 | D:9      | Noticed a two-headed ogre
  8231 | D:9      | Killed a two-headed ogre
  8233 | D:9      | Reached skill level 10 in Conjurations
  8444 | D:9      | Noticed a death yak
  8462 | D:9      | Killed a death yak
  8504 | D:9      | Noticed Erica
  8509 | D:9      | Killed Erica
  8510 | D:9      | Reached XP level 10. HP: 47/69 MP: 15/27
  8611 | D:9      | Found a staircase to the Lair.
  8611 | D:9      | Noticed a death yak
  8626 | D:9      | Noticed a death yak
  8644 | D:9      | Killed a death yak
  8645 | D:9      | Reached skill level 11 in Conjurations
  8773 | D:9      | Killed a death yak
  8774 | D:9      | Reached skill level 10 in Spellcasting
  8975 | D:9      | Noticed Grum
  8980 | D:9      | Killed Grum
  9494 | D:9      | Noticed an orange crystal statue
  9964 | Lair:1   | Entered Level 1 of the Lair of Beasts
  9964 | Lair:1   | Noticed an elephant
  9964 | Lair:1   | Noticed an elephant
  9964 | Lair:1   | Noticed an elephant
 10040 | Lair:1   | Killed an elephant
 10041 | Lair:1   | Reached skill level 12 in Conjurations
 10041 | Lair:1   | Reached XP level 11. HP: 30/74 MP: 16/30
 10613 | Lair:1   | Noticed a catoblepas
 10637 | Lair:1   | Killed a catoblepas
 10638 | Lair:1   | Reached skill level 13 in Conjurations
 11048 | Lair:1   | Noticed a seven-headed hydra
 11054 | Lair:1   | Killed a seven-headed hydra
 12046 | Lair:2   | Reached XP level 12. HP: 81/81 MP: 30/33
 12440 | Lair:2   | Noticed Urug
 12454 | Lair:2   | Killed Urug
 12455 | Lair:2   | Reached skill level 14 in Conjurations
 12563 | Lair:2   | Identified the +6 orcbow "Joegil" {heavy, *Slow rCorr Int+4
                  | Dex+3}
 12636 | Lair:2   | Found a staircase to the Shoals.
 13938 | Lair:3   | Noticed a seven-headed hydra
 13941 | Lair:3   | Killed a seven-headed hydra
 14260 | Lair:3   | Reached skill level 15 in Conjurations
 14504 | Lair:3   | Found a hole to the Spider Nest.
 14837 | Lair:3   | Reached XP level 13. HP: 71/86 MP: 22/35
 15054 | Lair:3   | Got the Elucidation of Frostbite
 15061 | Lair:3   | Learned a level 5 spell: Freezing Cloud
 15684 | Lair:3   | Found the amulet of Vitality {RegenMP++ Regen++}
 15967 | Lair:4   | Reached skill level 1 in Ice Magic
 16227 | Lair:4   | Reached skill level 5 in Ice Magic
 16555 | Lair:5   | Entered Level 5 of the Lair of Beasts
 16713 | Lair:5   | Reached skill level 16 in Conjurations
 16837 | Lair:5   | Slain by a death yak simulacrum

Illustrated notes

Levels and vault maps discovered:
D:1:      heliophobic_arrival_battle_scene, layout_basic, chequers_arboretum
D:2:      layout_loops_cross, basic_altar, uniq_crazy_yiuf_cottage, uniq_sigmund
D:3:      layout_basic, nicolae_overflow_hidden_temple, serial_shops, shop,
          hex_large, uniq_terence, uniq_robin, uniq_grinder
D:4:      layout_rooms, nicolae_wu_jian_wuxing_cycle, serial_shops,
          nicolae_shop_statue_plus, nicolae_shop_back_alley_shop, shop,
          nicolae_shop_trees, nicolae_shop_hallway_plus, gup_sewer_entry_bubbles
D:5:      layout_basic, serial_shops, nicolae_diamond_shop,
          lemuel_flamethrower_1
D:6:      layout_rooms, nicolae_dithmenos_through_a_glass_darkly,
          minmay_temple_entry_statues_fountains
D:7:      layout_basic, ashenzari_altar_1, grunt_qazlal_sundering,
          serial_rivers, chequers_serial_rivers_room_a,
          chequers_serial_rivers_small_3, chequers_serial_rivers_small_a,
          chequers_serial_rivers_micro_d, chequers_serial_rivers_marsh,
          minmay_stone_trees_small, uniq_duvessa
D:8:      layout_cave_pools
D:9:      layout_basic, dpeg_lair_monsters, disabler_island, uniq_grum,
          uniq_erica
Lair:1:   layout_cave_pods, minmay_shattered_shrine
Lair:2:   layout_roguey, minmay_shoals_entry_hut, lemuel_old_faithful, uniq_urug
Lair:3:   hangedman_what_comes_after_a, layout_regular_city,
          hellmonk_spider_entry_not_the_bees, minmay_lindwurm_lava
Lair:4:   layout_misc_corridors, serial_bayou_shore_a
Lair:5:   wormcave, layout_long_grid, dpeg_slime_entry_corner,
          eino_house_with_fridge, lemuel_fruit_fields

Skill      XL: |  1  2  3  4  5  6  7  8  9 10 11 12 13 |
---------------+----------------------------------------+-----
Spellcasting   | 2 3 4 6 7 9 10 12 13 14 | 14.6
Conjurations   | 4 5 6 7 8 10 12 13 15 16 | 16.0
Ice Magic      | 7 |  7.9
Dodging        | |  1.7
Stealth        | |  1.7

Action                     |  1- 3 |  4- 6 |  7- 9 | 10-12 | 13-15 || total
---------------------------+-------+-------+-------+-------+-------++-------
  Melee: Unarmed           |     6 |     4 |       |       |       ||    10
         Shillelagh        |       |       |     2 |     5 |       ||     7
         Rapier            |       |       |       |     1 |       ||     1
   Cast: Magic Dart        |    94 |    56 |   187 |   348 |   174 ||   859
         Searing Ray       |     2 |     2 |    14 |    13 |    12 ||    43
         Iskenderun's Myst |       |       |     4 |    79 |    36 ||   119
         Freezing Cloud    |       |       |       |       |     2 ||     2
  Evoke: Wand              |       |       |       |       |     1 ||     1
 Armour: Robe              |    14 |     4 |    31 |   100 |    36 ||   185
  Dodge: Dodged            |    15 |     4 |    28 |    66 |    27 ||   140
